 Dungeon Crawl Stone Soup version 0.26-a0-597-gb535b0901c (webtiles) character file.

Game seed: 7823442593037501372

2222486 Sar the Envoy of Void (level 27, 522/522 HPs)
             Began as a White Draconian Arcane Marksman on Aug 25, 2020.
             Was a High Priest of Lugonu.
             Escaped with the Orb
             ... and 5 runes on Aug 26, 2020!
             The game lasted 04:31:44 (135861 turns).

Sar the Envoy of Void (DrAM)                      Turns: 135861, Time: 04:31:45

Health: 522/522    AC: 31    Str: 12    XL:     27
Magic:  34/40      EV: 36    Int: 25    God:    Lugonu [*****.]
Gold:   7023       SH:  0    Dex: 24    Spells: 30/46 levels left

rFire    + + .     SeeInvis .   b - +5 scythe "Finisher" {speed, eviscerate}
rCold    + + +     Faith    .   (shield currently unavailable)
rNeg     + . .     Spirit   .   (armour unavailable)
rPois    ∞         Reflect  .   z - +2 hat
rElec    +         Harm     .   P - scarf {rC+ rF+}
rCorr    +                      (gloves currently unavailable)
MR       +++++                  (boots currently unavailable)
Stlth    ..........             q - amulet of Vitality {Regen+ HP+15}
HPRegen  1.37/turn              N - ring of the Mage {Wiz MR++ Int+3}
MPRegen  0.27/turn              V - ring "Poenkesik" {EV+4 Str-4 Int+7 Dex+4 Slay+6}

@: mighty, brilliant, berserking, statue-form, resistant, stab, flying, very
slightly contaminated, hasted, invisible, quick
A: (breathe frost), unfitting armour, cold resistance 1, magic resistance 1,
mutation resistance 1, cold-blooded, AC +13
0: Orb of Zot
}: 5/15 runes: serpentine, barnacled, slimy, silver, abyssal
a: End Transformation, Depart the Abyss, Bend Space, Banish, Corrupt, Enter the
Abyss, Renounce Religion


You escaped.
You worshipped Lugonu.
Lugonu was extremely pleased with you.
You were a stone statue.
You visited 13 branches of the dungeon, and saw 59 of its levels.
You visited the Abyss 4 times.
You also visited: Ossuary, Ice Cave, Volcano and Wizlab.

You collected 13939 gold pieces.
You spent 6916 gold pieces at shops.


Innate Abilities, Weirdness & Mutations

((You can breathe waves of freezing cold.))
((You can buffet flying creatures when you breathe cold.))
((Your icy white scales are hard. (AC +13)))
You cannot fit into any form of body armour.
Your flesh is cold resistant. (rC+)
You are cold-blooded and may be slowed by cold attacks.
You are resistant to hostile enchantments. (MR+)
You are somewhat resistant to further mutation.


   Skills:
 - Level 21.7 Fighting
 - Level 12.0 Maces & Flails
 - Level 26.0 Polearms
 - Level 6.4 Throwing
 - Level 20.1 Dodging
 - Level 16.0 Stealth
   Level 4.0 Shields
 - Level 10.0 Spellcasting
 - Level 12.0 Hexes
 + Level 5.1 Translocations
 - Level 14.0 Transmutations
 + Level 8.2 Earth Magic
 O Level 27 Invocations
 - Level 6.0 Evocations


You had 30 spell levels left.
You knew the following spells:

 Your Spells              Type           Power        Failure   Level
e - Apportation           Tloc           ######       1%          1
j - Invisibility          Hex            #######.     2%          6
z - Slow                  Hex            #######.     1%          2
X - Statue Form           Tmut/Erth      #######..    3%          6
Z - Corona                Hex            #######      1%          1

Your spell library contained the following spells:

 Spells                   Type           Power        Failure   Level
 Beastly Appendage        Tmut           ######       0%          1
 Wereblood                Tmut           #######.     0%          2
 Animate Skeleton         Necr           ###...       1%          1
 Foxfire                  Conj/Fire      ###.         1%          1
 Freeze                   Ice            ###.         1%          1
 Magic Dart               Conj           ###.         1%          1
 Pain                     Necr           ###.         1%          1
 Sandblast                Erth           ######       1%          1
 Shock                    Conj/Air       ###.         1%          1
 Sting                    Tmut/Pois      ####         1%          1
 Summon Small Mammal      Summ           ###.         1%          1
 Blink                    Tloc           N/A          1%          2
 Ensorcelled Hibernation  Hex/Ice        ######       1%          2
 Passwall                 Tmut/Erth      #######.     1%          2
 Confusing Touch          Hex            #######.     1%          3
 Dazzling Flash           Conj/Hex       ######       1%          3
 Gell's Gravitas          Tloc           ######....   1%          3
 Ignite Poison            Fire/Tmut/Pois ######..     1%          3
 Inner Flame              Hex/Fire       ######..     1%          3
 Lesser Beckoning         Tloc           ######....   1%          3
 Portal Projectile        Hex/Tloc       ######       1%          3
 Spider Form              Tmut/Pois      ######....   1%          3
 Stone Arrow              Conj/Erth      #####.       1%          3
 Summon Guardian Golem    Hex/Summ       ######..     1%          3
 Teleport Other           Tloc           ######..     1%          3
 Tukima's Dance           Hex            #######.     1%          3
 Cause Fear               Hex            #######...   1%          4
 Fulminant Prism          Conj/Hex       ######....   1%          4
 Ice Form                 Ice/Tmut       ######..     1%          4
 Leda's Liquefaction      Hex/Erth       #######...   1%          4
 Petrify                  Tmut/Erth      #######.     1%          4
 Blade Hands              Tmut           #######...   1%          5
 Lee's Rapid Deconstruct  Erth           ######....   1%          5
 Yara's Violent Unravell  Hex/Tmut       #######...   1%          5
 Hydra Form               Tmut           #######...   1%          6
 Passage of Golubria      Tloc           N/A          2%          4
 Call Imp                 Summ           ###.....     3%          2
 Corpse Rot               Necr/Air       N/A          3%          2
 Poisonous Vapours        Pois/Air       ###...       3%          2
 Searing Ray              Conj           ###...       3%          2
 Sublimation of Blood     Necr           ###.......   3%          2
 Swiftness                Air            ###.....     3%          2
 Alistair's Intoxication  Tmut/Pois      ######...    3%          5
 Irradiate                Conj/Tmut      ######....   3%          5
 Metabolic Englaciation   Hex/Ice        ######....   4%          5
 Silence                  Hex/Air        ######....   4%          5
 Dragon Form              Tmut           #######...   5%          7
 Call Canine Familiar     Summ           ###.....     6%          3
 Conjure Flame            Conj/Fire      ###.....     6%          3
 Mephitic Cloud           Conj/Pois/Air  ###.....     6%          3
 Ozocubu's Armour         Ice            ###.....     6%          3
 Static Discharge         Conj/Air       ###.....     6%          3
 Vampiric Draining        Necr           ###.......   6%          3
 Iskenderun's Mystic Bla  Conj/Tloc      #####...     7%          4
 Eringya's Noxious Bog    Tmut/Pois      ######....   16%         6
 Bolt of Magma            Conj/Fire/Erth #####.....   17%         5
 Airstrike                Air            ###.......   19%         4
 Animate Dead             Necr           ###.......   19%         4
 Dispel Undead            Necr           ###.....     19%         4
 Olgreb's Toxic Radiance  Pois           ###.....     19%         4
 Summon Ice Beast         Ice/Summ       ###.....     19%         4
 Summon Lightning Spire   Summ/Air       ###.....     19%         4
 Summon Forest            Summ/Tloc      #####.....   19%         5
 Agony                    Necr           ###.....     45%         5
 Excruciating Wounds      Necr           ###.......   45%         5
 Fireball                 Conj/Fire      ###.......   45%         5
 Iskenderun's Battlesphe  Conj           ###.....     45%         5
 Lightning Bolt           Conj/Air       ###.......   45%         5
 Iron Shot                Conj/Erth      #####.....   45%         6
 Discord                  Hex            #######...   65%         8
 Conjure Ball Lightning   Conj/Air       ###.......   95%         6
 Death Channel            Necr           ###.......   95%         6
 Starburst                Conj/Fire      ###.......   95%         6
 Necromutation            Tmut/Necr      ######....   99%         8
 Haunt                    Necr/Summ      ###.......   100%        7
 Orb of Destruction       Conj           ###.......   100%        7
 Spellforged Servitor     Conj/Summ      ###.......   100%        7
 Summon Hydra             Summ           ###.......   100%        7
 Borgnjor's Revivificati  Necr           ###.......   100%        8
 Disjunction              Tloc           ######....   100%        8
 Ignition                 Fire           ###.......   100%        8
 Infestation              Necr           ###.......   100%        8
 Lehudib's Crystal Spear  Conj/Erth      #####.....   100%        8
 Death's Door             Necr           ###.......   100%        9
 Dragon's Call            Summ           ###.......   100%        9
 Shatter                  Erth           ######....   100%        9
 Tornado                  Air            ###.......   100%        9

Inventory:

Hand Weapons
 a - a +9 vampiric bardiche
 b - the +5 scythe "Finisher" (weapon) {speed, eviscerate} Attacks with this weapon are significantly faster.
 x - the +8 whip "Snakebite" {curare, rPois, =f}

   It poisons the flesh of those it strikes.
   It protects you from poison.
 A - a +0 trishula of holy wrath
Missiles
 c - 9 throwing nets {=f}
 e - 81 silver javelins (quivered)
 f - 10 curare-tipped darts {=f}
 i - 12 javelins
Armour
 u - a +2 pair of boots (melded)
 z - a +2 hat (worn)
 H - the +3 pair of gauntlets of War (melded) {Slay+5}

   It affects your accuracy and damage with ranged weapons and melee attacks
   (+5).
 P - a scarf of resistance (worn)
Jewellery
 q - the amulet of Vitality (around neck) {Regen+ HP+15}

   [amulet of regeneration]

   It affects your health (+15).
   It increases your rate of regeneration.
 K - an uncursed ring of protection from fire
 N - the ring of the Mage (left hand) {Wiz MR++ Int+3}

   [ring of wizardry]

   It improves your spell success rate.
   It affects your intelligence (+3).
   It affects your resistance to hostile enchantments.
 V - the ring "Poenkesik" (right hand) {EV+4 Str-4 Int+7 Dex+4 Slay+6}

   [ring of evasion]

   It affects your evasion (+4).
   It affects your strength (-4).
   It affects your intelligence (+7).
   It affects your dexterity (+4).
   It affects your accuracy and damage with ranged weapons and melee attacks
   (+6).
Wands
 v - a wand of acid (11)
 y - a wand of iceblast (88)
 G - a wand of digging (20)
Scrolls
 d - 3 scrolls of summoning
 j - 14 scrolls of enchant weapon
 p - 16 scrolls of teleportation {@r4}
 t - a scroll of blinking
 B - 6 scrolls of magic mapping
 C - 24 scrolls of remove curse
 I - 53 scrolls of identify {@r1}
 J - 5 scrolls of fog
 M - 7 scrolls of fear
 O - 5 scrolls of immolation {!r}
 Q - a scroll of holy word
 R - 3 scrolls of silence {!r}
 X - 5 scrolls of brand weapon
 Y - 5 scrolls of enchant armour
Potions
 g - 3 potions of flight
 k - 15 potions of stabbing
 l - 3 potions of resistance
 m - 13 potions of ambrosia
 n - 3 potions of might
 o - 7 potions of heal wounds {@q2}
 r - 11 potions of brilliance
 s - 10 potions of curing {@q1}
 w - 2 potions of mutation {!q}
 D - 6 potions of haste {@q3}
 E - 5 potions of cancellation
 F - 5 potions of magic
 S - a potion of berserk rage {!q}
 T - 10 potions of lignification {!q}
 W - a potion of invisibility
Miscellaneous
 h - a condenser vane (2/2)
 L - a tin of tremorstones (3/3)
 U - the horn of Geryon

Dungeon Overview and Level Annotations

Branches:
Dungeon (15/15)            Temple (1/1) D:6            Lair (6/6) D:8
 Shoals (4/4) Lair:3        Snake (4/4) Lair:2        Slime (5/5) Lair:5
    Orc (2/2) D:12            Elf (3/3) Orc:2        Vaults (5/5) D:13
  Crypt (3/3) Vaults:3       Tomb (0/3) Crypt:3      Depths (5/5) D:15
   Hell (visited)             Dis (0/7) Hell            Geh (0/7) Hell
    Coc (0/7) Hell            Tar (0/7) Hell            Zot (5/5) Depths:5
Ossuary (visited)           IceCv (visited)         Volcano (visited)
 WizLab (visited)

Altars:
Ashenzari
Cheibriados
Dithmenos
Elyvilon
Fedhas
Gozag
Hepliaklqana
Kikubaaqudgha
Makhleb
Nemelex Xobeh
Okawaru
Qazlal
Ru
Sif Muna
Trog
Uskayaw
Vehumet
Wu Jian
Xom
Yredelemnul
Zin
The Shining One
Beogh
Jiyva
Lugonu

Shops:
D:10 (   D:12 (   D:14 *   D:15 ?   Orc:2 ([([   Elf:1 [   Snake:3 }(
Vaults:3 =   Vaults:4 }:*(   Depths:1 }}=   Depths:5 :(

Portals:
Hell: Depths:1 Depths:2 Depths:3 Depths:4 Depths:5
Abyss: Orc:2 Depths:3 Depths:4
Pandemonium: Depths:3
Ziggurat: Depths:1

Annotations:
D:15 corrupted
Lair:2 corrupted
Depths:3 corrupted

....................▒.▒▒....▒.▒..
....▒▒▒...............▒▒....▒.▒..
..▒.▒▒▒.............▒▒▒▒......▒..
▒▒▒..▒▒.......................▒..
▒ ▒▒.▒▒▒▒▒▒▒▒.▒.....▒▒▒▒▒▒▒▒▒.▒..
▒▒▒▒.............................
.....▒▒▒▒▒▒▒▒▒▒▒▒▒▒▒▒▒▒▒▒▒▒▒▒▒▒>.
▒▒▒▒.▒▒▒▒▒▒▒▒▒▒▒▒▒▒▒▒▒▒▒▒▒▒▒▒▒▒.▒
▒ ▒.▒.▒.....▒..8(....▒..▒....▒.▒
▒ ▒.▒.▒..▒..▒.....▒..........▒.▒
▒ ▒...▒..▒..▒.....▒..▒..▒..▒†..▒
▒............................▒
▒.▒.......▒..▒..▒..▒..▒..▒.▒.▒
▒.▒.▒..▒.....▒..▒.....▒..▒.▒.▒
▒.▒▒▒▒▒▒▒▒▒▒▒▒▒▒▒▒▒▒▒▒▒▒▒▒▒▒.▒
▒▒▒▒.▒▒▒▒▒▒▒▒▒▒▒▒▒▒▒▒▒▒▒▒▒▒▒▒▒▒.▒
..▒▒............▒...............▒


There were no monsters in sight!


Message History

The hell hog completely misses you!
Unknown command!
You carve the hell hog like the proverbial ham!!!!!!
You annihilate the hell hog!!!
Lugonu roars: ANNIHILATED!
Unknown command!
No target in view!!!
Unknown command!
You see here 21 sling bullets!
There is a staircase leading out of the dungeon here!
You feel yourself speed up!
You feel very buoyant!
You fly up into the air!
You feel clever all of a sudden!
You fade into invisibility!!!
You are very lightly contaminated with residual magic!
You feel very mighty all of a sudden!
You feel protected!
You feel ready to backstab!
Okay, then!
Okay, then!
Okay, then!
You turn into a living statue of rough stone!
Really quaff
S - 2 potions of berserk rage {!!.q}?
A red film seems to cover your vision as you go berserk!!!
You feel yourself moving faster!!!
You feel mighty!!!
Unknown command!
You feel a strong urge to attack something!
You have escaped!!!

Action                   |  1- 3 |  4- 6 |  7- 9 | 10-12 | 13-15 | 16-18 | 19-21 | 22-24 | 25-27 || total
-------------------------+-------+-------+-------+-------+-------+-------+-------+-------+-------++-------
Melee: Unarmed           |    36 |       |       |       |       |       |       |       |       ||    36
       Tailslap          |    11 |    53 |    87 |   121 |   304 |   530 |   238 |   327 |   725 ||  2396
       Dagger            |    60 |   324 |   457 |    87 |       |       |       |       |       ||   928
       Trident           |       |       |    29 |       |       |       |       |       |       ||    29
       Whip              |       |       |    62 |   774 |  1707 |  2423 |    73 |    30 |       ||  5069
       Glaive            |       |       |    48 |    42 |       |       |       |       |       ||    90
       Bardiche          |       |       |       |       |       |   157 |  1629 |  1583 |  2367 ||  5736
       Scythe            |       |       |       |       |       |       |   630 |   134 |  1634 ||  2398
Throw: Dart              |    17 |     7 |    41 |   234 |    60 |    61 |       |       |       ||   420
       Javelin           |     5 |     1 |     7 |     4 |     5 |       |    30 |    13 |    24 ||    89
       Throwing net      |     2 |       |       |       |       |       |       |       |       ||     2
       Stone             |       |     1 |       |       |       |       |       |       |       ||     1
 Cast: Statue Form       |       |       |       |       |       |       |       |       |    22 ||    22
       Apportation       |       |       |       |       |       |       |       |       |    10 ||    10
       Invisibility      |       |       |       |       |       |       |       |       |     2 ||     2
Invok: Banish            |       |       |     2 |     6 |     9 |     4 |     1 |       |     6 ||    28
       Corrupt           |       |       |       |     1 |       |     1 |       |     1 |     1 ||     4
       Depart the Abyss  |       |       |       |       |       |       |     2 |       |     1 ||     3
       Enter the Abyss   |       |       |       |       |       |       |     1 |       |     1 ||     2
 Abil: Breathe Frost     |       |       |    11 |    29 |     4 |    15 |     3 |       |       ||    62
       End Transformatio |       |       |       |       |       |       |       |       |     4 ||     4
Evoke: Wand              |       |       |    28 |    17 |    12 |    49 |     8 |     6 |    24 ||   144
       Lightning rod     |       |       |       |       |       |     4 |     1 |       |       ||     5
       Tin of tremorston |       |       |       |       |       |     4 |       |     5 |     4 ||    13
       Condenser vane    |       |       |       |       |       |       |     1 |     2 |     1 ||     4
  Use: Scroll            |       |    11 |     3 |    11 |    12 |    19 |    17 |     8 |    30 ||   111
       Potion            |       |       |     4 |     1 |     1 |    12 |     8 |       |    23 ||    49
 Stab: Sleeping          |       |     2 |     1 |     4 |    30 |    10 |    30 |     8 |    32 ||   117
       Distracted        |       |       |     2 |     3 |     4 |     8 |    15 |    10 |    31 ||    73
       Confused          |       |       |       |     1 |       |       |       |     5 |       ||     6
       Invisible         |       |       |       |       |       |       |     3 |       |    27 ||    30
Armor: Skin              |    66 |   134 |   178 |   136 |   271 |   389 |   494 |   206 |   893 ||  2767
Dodge: Dodged            |   111 |   214 |   521 |   586 |   892 |  1535 |  2172 |  1762 |  5247 || 13040
       Repelled          |       |       |       |       |       |    34 |    29 |    27 |    48 ||   138
Block: Kite shield       |       |       |       |       |       |    10 |       |       |       ||    10

Levels and vault maps discovered:
D:1:      dpeg_arrival_ternary, layout_basic
D:2:      layout_basic, kennysheep_vampire_church, minmay_tetromino_o2
D:3:      layout_loops_ring, kennysheep_slug_shrine,
          lemuel_coloured_pillars_altar, chequers_ecumenical_altar_simple,
          minmay_bisected
D:4:      layout_loops_corners, lemuel_crystal_altar, kennysheep_mini,
          amethyst_overflow_temple_binary, uniq_blork_the_orc
D:5:      layout_basic, bloody_makhleb, elyvilon_altar_3, lemuel_crystal_altar,
          lightli_ossuary_entry_decrepit_ruins
D:6:      layout_layer_cave, lemuel_doored_altar, minmay_temple_entry_statues,
          uniq_maggie
D:7:      layout_basic, uniq_duvessa, uniq_joseph
D:8:      nicolae_whirlpool, layout_basic, lair_entry_dummy,
          palyth_stone_intersect, trog_book, uniq_pikel
D:9:      layout_roguey, kennysheep_little_box, gammafunk_ghost_grave,
          nrook_guardian_serpent_ordinary
D:10:     layout_basic, gammafunk_ghost_hive, serial_shops, shop, uniq_erolcha
D:11:     layout_irregular_city, minmay_guarded_unrand_finisher, uniq_maurice
D:12:     layout_loops_ring, orc_david_3, serial_ice, serial_ice_c,
          serial_ice_j, serial_ice_e, serial_ice_b, serial_ice_n, serial_ice_f,
          serial_ice_d, uniq_josephine, uniq_psyche, uniq_frances
D:13:     layout_roguey, david_vaults_1, basic_altar
D:14:     layout_stronghold, serial_shops, nicolae_shop_crystal,
          roderic_three_in_a_row, fedhas_bush_and_centaur_altar, uniq_roxanne,
          uniq_louise, uniq_jorgrun
D:15:     grunt_enter_depths_hoard, layout_loops_cross, serial_shops, shop,
          hangedman_abyss_or_decor_stabs
Temple:   eino_temple_lava
Lair:1:   layout_small_grid, cheibrodos_lair_reptile_den, serial_bayou_shore_b
Lair:2:   layout_gridlike, minmay_snake_entry_six_corridors, basic_altar,
          minivault_19, minivault_19, uniq_erica
Lair:3:   beast_lair_carwin_large_2, layout_chaotic_city,
          minmay_shoals_entry_lonely_mermaid, serial_bayou_shore_b
Lair:4:   minmay_guarded_unrand_snakebite, layout_gridlike
Lair:5:   layout_regular_city, slime_altar_2, enter_volcano_1,
          grunt_megastairs_2
Lair:6:   evilmike_catoblepas_cave, layout_misc_corridors, serial_bayou_lake_a
Shoals:1: layout_shoals
Shoals:2: layout_shoals, ebering_ghost_disaster_area, st_sunken_huts
Shoals:3: layout_shoals
Shoals:4: shoals_end_simple, layout_shoals, shoals_ilsuiw_alternative
Snake:1:  layout_onion_interference, nicolae_snake_serpentine_hallways,
          uniq_aizul
Snake:2:  layout_honeycomb
Snake:3:  layout_chambers, minmay_shop_star
Snake:4:  grunt_snake_rune_spirals, layout_onion_interference,
          portal_ice_cave_entry_ugly_swarm, nicolae_snake_shapes
Slime:1:  layout_caves
Slime:2:  layout_caves
Slime:3:  layout_caves, cheibrodos_slime_lost_civilization_5
Slime:4:  layout_caves
Slime:5
Orc:1:    layout_diamond_mine, mines1_david
Orc:2:    grunt_orc_community_town_hall, layout_diamond_mine,
          grunt_orc_community_big_house_2, grunt_orc_community_big_house_1,
          grunt_orc_community_house_1, grunt_orc_community_house_3,
          grunt_orc_community_house_2, grunt_orc_community_house_1,
          grunt_orc_community_house_3, grunt_orc_community_house_1,
          gammafunk_ghost_abyssal_escape, serial_shops, shop,
          minmay_orc_temple_b, uniq_rupert
Elf:1:    minmay_elf_arrival_plus, layout_onion_city, serial_shops, shop,
          minmay_elf_annihilation
Elf:2:    layout_gridlike, minivault_23
Elf:3:    minmay_elf_hall_not_hex, layout_geoelf_octagon, uniq_asterion
Vaults:1: v_alt_pattern_4, vaults_room_pools, grunt_vaults_diagonal,
          nicolae_vaults_network_periphery, vaults_dpeg_diagonal, v_misc_15,
          nicolae_vaults_border_crossing, vaults_dpeg_encased_lava,
          vaults_standard_mumra_lines, v_rooms_1,
          nicolae_vaults_diagonal_hallway_7, v_misc_27, layout_vaults_omnibox,
          infiniplex_enter_wizlab_glasses
Vaults:2: grunt_vaults_swirl, nicolae_vaults_network_s, v_misc_1,
          ontoclasm_vaults_claustrophobia, grunt_vaults_hallway_long,
          grunt_vaults_hallway_long, hangedman_vaults_stagger, vaults_dpeg_ring,
          nicolae_vaults_little_squares_1, ontoclasm_vaults_tryst,
          hangedman_vaults_variations, hangedman_vaults_corner_blocks,
          layout_vaults_ring
Vaults:3: nicolae_vaults_disjoint_gnomons, vaults_mumra_hexcomb,
          nicolae_vaults_angled_halls, ontoclasm_vaults_ring_square,
          layout_vaults_omnigrid, dummy_crypt_entry, serial_shops,
          nicolae_shop_trees
Vaults:4: v_misc_10, vaults_room_boxed, hangedman_vaults_nails,
          vaults_room_grunt_arrival_ludios, vaults_room_large_hall,
          layout_vaults_big_room, serial_shops, nicolae_shop_stone, shop,
          nicolae_shop_trees, shop, uniq_jory
Vaults:5
Crypt:1:  layout_misc_corridors, serial_co_window_serial, co_window_corner_a,
          co_window_paths_b, co_window_paths_b, co_window_of_opportunity_a,
          co_window_paths_a, co_window_of_opportunity_a, co_window_corner_a,
          co_window_of_opportunity_b, co_window_cross_4,
          co_window_unsneaky_path_a, co_window_4corner_b, co_window_4corner_a,
          minivault_11, uniq_margery
Crypt:2:  layout_basic, ebering_ghost_xom, st_stairs_11, hex_large,
          grunt_ministairs_11, minmay_misc_feat_columns, uniq_frederick
Crypt:3:  quadcrypt_mu
Depths:1: layout_gridlike, enter_ziggurat_f, minmay_misc_feat_pillars,
          hell_entry, kennysheep_small_square, grunt_megastairs_4,
          minmay_shop_grove
Depths:2: minmay_the_grid_octo_tiled_octocenter_mashed
          [minmay_the_grid_octo_fat_diamond, minmay_the_grid_octo_pinwheel,
          minmay_the_grid_octo_toaster, minmay_the_grid_octo_checkerflower,
          minmay_the_grid_octo_prize_ultimate_mussel_roller,
          minmay_the_grid_square_5x5_bite, minmay_the_grid_square_5x5_n,
          minmay_the_grid_square_5x5_hourglass,
          minmay_the_grid_square_5x5_inverted_slash], layout_cave_pools,
          hangedman_coc_ice_floe, minmay_misc_feat_cross
Depths:3: abrahamwl_protected_by_tso_2, layout_gridlike, hex_intersection,
          pf_vacation_house_of_asmodeus, abyss_entry, pan_entry,
          minmay_misc_feat_enclosed, uniq_saint_roka, uniq_boris, uniq_mennas
Depths:4: hangedman_crystal_crosses_colossus [crystal_crosses_arms_four,
          crystal_crosses_arms_four, crystal_crosses_arms_two,
          crystal_crosses_arms_one], hell_entry, abyss_entry, serial_shops
Depths:5: grunt_zot_entry_alcove, layout_honeycomb, hell_entry, serial_bayou,
          serial_bayou_pond_d, serial_bayou_pond_c, serial_bayou_pond_a,
          serial_bayou_shore_a, minmay_shoptagon
Hell
Zot:1:    layout_onion_interference, st_small_dragon_hoard_5
Zot:2:    lemuel_firehouse, layout_onion_interference
Zot:3:    layout_concentric_octagons
Zot:4:    layout_onion
Zot:5:    layout_gridlike, drop_trap

Notes
Turn   | Place    | Note
-------+----------+-------------------------------------------
     0 | D:1      | Sar the Draconian Arcane Marksman began the quest for the
                  | Orb.
     0 | D:1      | Reached XP level 1. HP: 16/16 MP: 2/2
   115 | D:1      | Reached skill level 2 in Throwing
   520 | D:1      | Reached XP level 2. HP: 23/23 MP: 3/3
   768 | D:2      | Reached skill level 3 in Throwing
   870 | D:2      | Learned a level 2 spell: Slow
   984 | D:2      | Reached XP level 3. HP: 28/28 MP: 4/4
  1219 | D:2      | Found an ancient bone altar of Kikubaaqudgha.
  1233 | D:2      | Reached skill level 4 in Throwing
  1233 | D:2      | Reached XP level 4. HP: 16/35 MP: 5/5
  1864 | D:3      | Identified a potion of resistance
  2028 | D:3      | Found a hazy altar of Hepliaklqana.
  2076 | D:3      | Noticed a black bear
  2094 | D:3      | Killed a black bear
  2094 | D:3      | Reached skill level 5 in Throwing
  2094 | D:3      | Reached XP level 5. HP: 18/40 MP: 6/6
  2332 | D:3      | Found a snail-covered altar of Cheibriados.
  2389 | D:3      | Found a faded altar of an unknown god.
  2397 | D:3      | Became a worshipper of Lugonu the Unformed
  2397 | D:3      | Reached * piety under Lugonu
  2397 | D:3      | Reached ** piety under Lugonu
  2854 | D:4      | Reached XP level 6. HP: 45/47 MP: 7/7
  2996 | D:4      | Found a glowing silver altar of Zin.
  3092 | D:4      | Found a radiant altar of Vehumet.
  3106 | D:4      | Noticed Blork the orc
  3117 | D:4      | Killed Blork the orc
  3117 | D:4      | Reached skill level 6 in Throwing
  3555 | D:4      | Reached skill level 2 in Dodging
  3665 | D:4      | Reached skill level 2 in Fighting
  3775 | D:4      | Found a sacrificial altar of Ru.
  3785 | D:4      | Found a shimmering blue altar of Sif Muna.
  3916 | D:5      | Entered Level 5 of the Dungeon
  3922 | D:5      | Found a white marble altar of Elyvilon.
  3955 | D:5      | Found a sand-covered staircase.
  3967 | Ossuary  | Entered an ossuary
  4329 | Ossuary  | Reached *** piety under Lugonu
  4364 | Ossuary  | Your scales start taking on an icy white colour.
  4364 | Ossuary  | Reached XP level 7. HP: 43/56 MP: 8/8
  4364 | Ossuary  | Gained mutation: Your flesh is cold resistant. (rC+) [White
                  | Draconian growth]
  4816 | Ossuary  | Reached skill level 3 in Dodging
  4856 | Ossuary  | Reached skill level 3 in Fighting
  5230 | D:5      | Found a hide-covered altar of Uskayaw.
  5279 | D:5      | Reached skill level 4 in Fighting
  5411 | D:5      | Reached skill level 4 in Dodging
  5709 | D:5      | Reached XP level 8. HP: 61/67 MP: 9/9
  5813 | D:5      | Reached skill level 5 in Fighting
  6148 | D:5      | Found a burning altar of Makhleb.
  6228 | D:6      | Found a glowing golden altar of the Shining One.
  6306 | D:5      | Reached skill level 1 in Invocations
  6314 | D:5      | Reached skill level 5 in Dodging
  6631 | D:5      | HP: 5/67 [necrophage (2)]
  6691 | D:5      | Reached skill level 2 in Invocations
  6971 | D:5      | Reached skill level 1 in Evocations
  7261 | D:5      | Reached skill level 6 in Fighting
  7332 | D:6      | Identified +0 steam dragon scales
  7332 | D:6      | Noticed Maggie
  7341 | D:6      | Killed Maggie
  7341 | D:6      | Reached skill level 3 in Invocations
  7341 | D:6      | Reached skill level 2 in Evocations
  7879 | D:6      | Reached skill level 4 in Invocations
  7879 | D:6      | Reached XP level 9. HP: 55/74 MP: 10/12
  7943 | D:6      | Reached **** piety under Lugonu
  7943 | D:6      | Reached skill level 3 in Evocations
  8034 | D:6      | Reached skill level 6 in Dodging
  8062 | D:6      | Found a staircase to the Ecumenical Temple.
  8071 | Temple   | Entered the Ecumenical Temple
  9223 | D:7      | Noticed Duvessa
  9224 | D:7      | Noticed Dowan
  9240 | D:7      | Killed Duvessa
  9240 | D:7      | Reached skill level 5 in Invocations
  9240 | D:7      | Reached skill level 4 in Evocations
  9242 | D:7      | Killed Dowan
  9408 | D:7      | Noticed Joseph
  9413 | D:7      | Paralysed by Joseph for 7 turns
  9422 | D:7      | Banished Joseph
  9886 | D:9      | Reached skill level 5 in Evocations
 10071 | D:9      | Reached skill level 7 in Dodging
 10071 | D:9      | Reached skill level 6 in Invocations
 10476 | D:9      | Reached skill level 6 in Evocations
 10937 | D:9      | Reached XP level 10. HP: 82/84 MP: 14/14
 11002 | D:9      | Noticed a guardian serpent
 11008 | D:9      | Banished a guardian serpent
 11083 | D:9      | Found a shattered altar of Ashenzari.
 11124 | D:9      | Noticed ANON1729's ghost (novice DsWn)
 11125 | D:9      | Found a runed translucent door.
 11311 | D:9      | Reached skill level 7 in Fighting
 11450 | D:8      | Found a staircase to the Lair.
 11647 | D:8      | Reached skill level 8 in Dodging
 11973 | D:8      | Found the ring of the Mage {Wiz MR++ Int+3}
 12447 | D:8      | Noticed Pikel
 12462 | D:8      | Killed Pikel
 12462 | D:8      | Reached skill level 8 in Fighting
 12624 | D:8      | Found a bloodstained altar of Trog.
 12696 | D:7      | Reached skill level 1 in Maces & Flails
 12970 | D:7      | Reached skill level 2 in Maces & Flails
 13532 | D:10     | Entered Level 10 of the Dungeon
 13595 | D:10     | Reached skill level 3 in Maces & Flails
 13612 | D:10     | Reached skill level 4 in Maces & Flails
 14075 | D:10     | Reached skill level 5 in Maces & Flails
 14197 | D:10     | Noticed a two-headed ogre
 14203 | D:10     | Banished a two-headed ogre
 14203 | D:10     | Reached skill level 6 in Maces & Flails
 14406 | D:10     | Found Netteyra's Antique Weapon Shoppe.
 14411 | D:10     | Bought a glowing whip for 176 gold pieces
 14607 | D:10     | Noticed a gargoyle
 14622 | D:10     | Banished a gargoyle
 14622 | D:10     | Reached XP level 11. HP: 54/94 MP: 15/15
 15174 | D:10     | Found a transporter.
 15175 | D:10     | Found a transporter.
 15176 | D:10     | Noticed Zadkiel's ghost (journeyman GrEE)
 15619 | Lair:1   | Entered Level 1 of the Lair of Beasts
 15908 | Lair:1   | Reached skill level 7 in Maces & Flails
 16754 | Lair:1   | Reached skill level 7 in Invocations
 18113 | Lair:1   | Reached skill level 8 in Maces & Flails
 18441 | Lair:2   | Reached skill level 8 in Invocations
 18811 | Lair:2   | Noticed Erica
 18834 | Lair:2   | Killed Erica
 19210 | Lair:2   | Found a staircase to the Snake Pit.
 19735 | Lair:2   | Reached skill level 9 in Invocations
 19748 | Lair:2   | Reached skill level 9 in Maces & Flails
 20194 | Lair:2   | Reached skill level 1 in Stealth
 21021 | Lair:2   | Reached skill level 2 in Stealth
 21085 | Lair:2   | Corrupted Lair:2
 21085 | Lair:2   | Noticed a red draconian
 21085 | Lair:2   | Noticed a tentacled starspawn
 21085 | Lair:2   | Noticed a large abomination
 21086 | Lair:2   | Noticed a thrashing horror
 21090 | Lair:2   | Noticed a cyan very ugly thing
 21092 | Lair:2   | Noticed a lich
 21094 | Lair:2   | Noticed a rakshasa
 21329 | Lair:3   | Reached XP level 12. HP: 67/101 MP: 19/19
 21935 | Lair:3   | Reached skill level 3 in Stealth
 22381 | Lair:3   | Found a staircase to the Shoals.
 22398 | Lair:3   | Reached skill level 10 in Invocations
 22536 | Lair:3   | Reached skill level 10 in Maces & Flails
 22748 | Lair:3   | Reached skill level 4 in Stealth
 23283 | Lair:2   | Found a shadowy altar of Dithmenos.
 24599 | Lair:4   | Reached skill level 5 in Stealth
 25417 | Lair:4   | Reached skill level 11 in Invocations
 25811 | Lair:4   | Found the +8 whip "Snakebite" {curare, rPois}
 26517 | Lair:5   | Found a dark tunnel.
 26701 | Volcano  | Entered a volcano
 26729 | Volcano  | Found the +3 pair of gauntlets of War {Slay+5}
 26759 | Volcano  | Reached skill level 6 in Stealth
 26808 | Volcano  | Found a radiant altar of Vehumet.
 26809 | Volcano  | Noticed a red draconian
 26821 | Volcano  | Reached skill level 11 in Maces & Flails
 26986 | Volcano  | Killed a red draconian
 27147 | Volcano  | Reached XP level 13. HP: 39/107 MP: 21/21
 27572 | Lair:5   | Found a runed translucent door.
 27572 | Lair:5   | Found a viscous altar of Jiyva.
 27638 | Lair:5   | Reached skill level 12 in Invocations
 28068 | Lair:5   | Found a staircase to the Slime Pits.
 28152 | Lair:5   | Reached skill level 12 in Maces & Flails
 28756 | Lair:6   | Entered Level 6 of the Lair of Beasts
 29191 | Lair:6   | Reached skill level 9 in Fighting
 29191 | Lair:6   | Reached skill level 9 in Dodging
 29808 | Lair:6   | Reached skill level 10 in Fighting
 29899 | Lair:6   | Reached skill level 10 in Dodging
 30762 | Lair:6   | Reached skill level 11 in Fighting
 30762 | Lair:6   | Reached XP level 14. HP: 124/124 MP: 23/23
 31933 | D:11     | Noticed Maurice
 31939 | D:11     | Killed Maurice
 32562 | D:11     | Reached skill level 11 in Dodging
 33172 | D:11     | Found the +5 scythe "Finisher" {speed, eviscerate}
 33497 | D:12     | Noticed Frances
 33545 | D:12     | Killed Frances
 33545 | D:12     | Reached skill level 12 in Fighting
 33654 | D:12     | Reached ***** piety under Lugonu
 34018 | D:12     | Noticed Psyche
 34025 | D:12     | Killed Psyche
 34400 | D:12     | Found Gurop's Weapon Shop.
 34400 | D:12     | Found a staircase to the Orcish Mines.
 34479 | D:12     | Noticed Josephine
 34496 | D:12     | Killed Josephine
 35525 | Orc:1    | Entered Level 1 of the Orcish Mines
 35813 | Orc:2    | Entered Level 2 of the Orcish Mines
 35868 | Orc:2    | Found Daipp's Antique Armour Shoppe.
 36168 | Orc:2    | Found a roughly hewn altar of Beogh.
 36173 | Orc:2    | Reached skill level 12 in Dodging
 36229 | Orc:2    | Identified a +0 robe of resistance
 36279 | Orc:2    | Found a transporter.
 36289 | Orc:2    | Found a one-way gate to the infinite horrors of the Abyss.
 36289 | Orc:2    | Noticed rasy's ghost (journeyman MiFi)
 36291 | Orc:2    | Identified the +7 lajatang of Kepaecar {distort, *Corrode
                  | MR+ Dex+10 Stlth+}
 36313 | Orc:2    | Found a transporter.
 36352 | Orc:2    | Found a staircase to the Elven Halls.
 36478 | Orc:2    | Reached skill level 13 in Fighting
 36492 | Orc:2    | Found a roughly hewn altar of Beogh.
 36579 | Orc:2    | Noticed Rupert
 36609 | Orc:2    | Killed Rupert
 36972 | Orc:2    | Noticed an orc warlord
 36976 | Orc:2    | Reached ****** piety under Lugonu
 36992 | Orc:2    | Killed an orc warlord
 37202 | Orc:2    | Found Ysedwis's Antique Weapon Shoppe.
 37204 | Orc:2    | Found a roughly hewn altar of Beogh.
 37204 | Orc:2    | Found Kogataf's Antique Armour Emporium.
 37234 | Orc:2    | Bought a warped eveningstar for 460 gold pieces
 37234 | Orc:2    | Identified the +5 eveningstar of Impatience {protect, +Inv}
                  | (You bought it in a shop on level 2 of the Orcish Mines)
 37375 | Orc:2    | Found a roughly hewn altar of Beogh.
 37393 | Orc:2    | Found Kiat's Magic Scroll Shop.
 37401 | Orc:2    | Bought a scroll of identify for 32 gold pieces
 37401 | Orc:2    | Bought a scroll of identify for 32 gold pieces
 37401 | Orc:2    | Bought a scroll of identify for 32 gold pieces
 37401 | Orc:2    | Bought a scroll of blinking for 120 gold pieces
 37401 | Orc:2    | Bought a scroll of amnesia for 56 gold pieces
 37401 | Orc:2    | Bought a scroll of identify for 32 gold pieces
 37401 | Orc:2    | Bought a scroll of identify for 32 gold pieces
 37401 | Orc:2    | Bought a scroll of enchant armour for 120 gold pieces
 37401 | Orc:2    | Bought a scroll of teleportation for 48 gold pieces
 37401 | Orc:2    | Bought a scroll of fear for 56 gold pieces
 37401 | Orc:2    | Bought a scroll of teleportation for 48 gold pieces
 37401 | Orc:2    | Bought a scroll of teleportation for 48 gold pieces
 37401 | Orc:2    | Bought a scroll of vulnerability for 120 gold pieces
 37475 | Orc:2    | Found a roughly hewn altar of Beogh.
 37476 | Orc:2    | Found Assuhik's Weapon Shop.
 37705 | Orc:2    | Found a roughly hewn altar of Beogh.
 37807 | Orc:1    | Reached XP level 15. HP: 76/136 MP: 24/24
 38032 | Orc:1    | Found a roughly hewn altar of Beogh.
 38888 | D:13     | Found a white marble altar of Elyvilon.
 39064 | D:13     | Found a gate to the Vaults.
 39241 | D:13     | Reached skill level 14 in Fighting
 39822 | D:13     | Reached skill level 13 in Dodging
 40020 | D:14     | Found a blossoming altar of Fedhas.
 40498 | D:14     | Noticed Louise
 40517 | D:14     | Killed Louise
 40553 | D:14     | Noticed Roxanne
 40895 | D:14     | Noticed Jorgrun
 40899 | D:14     | Identified +0 acid dragon scales
 40914 | D:14     | Killed Jorgrun
 41491 | D:14     | Found Seryasef's Assorted Antiques.
 41724 | D:15     | Entered Level 15 of the Dungeon
 42409 | D:15     | Found Yreckowk's Magic Scroll Shoppe.
 42422 | D:15     | Bought a scroll of magic mapping for 38 gold pieces
 42422 | D:15     | Bought a scroll of teleportation for 33 gold pieces
 42422 | D:15     | Bought a scroll of summoning for 104 gold pieces
 42422 | D:15     | Bought a scroll of magic mapping for 38 gold pieces
 42422 | D:15     | Bought a scroll of teleportation for 33 gold pieces
 42482 | D:15     | Reached skill level 15 in Fighting
 42735 | D:15     | Identified a scroll of acquirement
 42736 | D:15     | Acquired a +6 vampiric bardiche
 43158 | D:15     | Found a staircase to the Depths.
 43177 | D:15     | Reached skill level 14 in Dodging
 43972 | Snake:1  | Entered Level 1 of the Snake Pit
 44016 | Snake:1  | Acquired 650 gold pieces
 44576 | Snake:1  | Noticed a nagaraja
 44587 | Snake:1  | Killed a nagaraja
 44940 | Snake:1  | Reached XP level 16. HP: 79/151 MP: 25/25
 45016 | Snake:1  | Reached skill level 16 in Fighting
 45021 | Snake:1  | Noticed Aizul
 46028 | Snake:1  | Killed Aizul
 47845 | Snake:2  | Reached skill level 15 in Dodging
 48545 | Snake:2  | Gained mutation: You are frail. (-10% HP) [potion of
                  | mutation]
 48545 | Snake:2  | Gained mutation: Your tail ends in a poisonous barb.
                  | [potion of mutation]
 48546 | Snake:2  | Lost mutation: You are frail. (-10% HP) [potion of
                  | mutation]
 48546 | Snake:2  | Lost mutation: Your tail ends in a poisonous barb. [potion
                  | of mutation]
 48546 | Snake:2  | Gained mutation: Scrolls take you a little longer to read.
                  | [potion of mutation]
 48546 | Snake:2  | Gained mutation: Your mind is acute. (Int +2) [potion of
                  | mutation]
 48546 | Snake:2  | Gained mutation: You evolve. [potion of mutation]
 48546 | Snake:2  | Gained mutation: You expend magic power (3 MP) to
                  | strengthen your wands. [potion of mutation]
 48547 | Snake:2  | Lost mutation: Your mind is acute. (Int +2) [potion of
                  | mutation]
 48547 | Snake:2  | Lost mutation: You evolve. [potion of mutation]
 48547 | Snake:2  | Gained mutation: Scrolls take you longer to read. [potion
                  | of mutation]
 48547 | Snake:2  | Lost mutation: Scrolls take you longer to read. [potion of
                  | mutation]
 48547 | Snake:2  | Gained mutation: Your skin changes colour to match your
                  | surroundings (Stealth+). [potion of mutation]
 48547 | Snake:2  | Gained mutation: Your spells are a little harder to cast,
                  | but a little more powerful. [potion of mutation]
 48548 | Snake:2  | Lost mutation: Scrolls take you a little longer to read.
                  | [potion of mutation]
 48548 | Snake:2  | Lost mutation: Your spells are a little harder to cast, but
                  | a little more powerful. [potion of mutation]
 48548 | Snake:2  | Lost mutation: You expend magic power (3 MP) to strengthen
                  | your wands. [potion of mutation]
 48548 | Snake:2  | Lost mutation: Your skin changes colour to match your
                  | surroundings (Stealth+). [potion of mutation]
 48548 | Snake:2  | Gained mutation: You are robust. (+10% HP) [potion of
                  | mutation]
 48548 | Snake:2  | Gained mutation: You have a pair of small antennae on your
                  | head. [potion of mutation]
 49763 | Snake:3  | Reached skill level 17 in Fighting
 51238 | Snake:3  | Reached skill level 1 in Shields
 51250 | Snake:3  | Reached skill level 2 in Shields
 51274 | Snake:3  | Reached skill level 3 in Shields
 51346 | Snake:3  | Found Adofuul's Gadget Boutique.
 51354 | Snake:3  | Found Itumas's Antique Weapon Boutique.
 51822 | Snake:3  | Reached skill level 4 in Shields
 52254 | Snake:3  | Reached skill level 1 in Polearms
 53092 | Snake:4  | Entered Level 4 of the Snake Pit
 53175 | Snake:4  | Found a frozen archway.
 53185 | IceCv    | Entered an ice cave
 53206 | IceCv    | Reached skill level 2 in Polearms
 54472 | IceCv    | Reached skill level 3 in Polearms
 55761 | IceCv    | Noticed an Ice Fiend
 55768 | IceCv    | Killed an Ice Fiend
 55768 | IceCv    | Reached skill level 4 in Polearms
 56005 | IceCv    | Got a pair of fading gloves
 56016 | IceCv    | Identified the cursed -5 pair of gloves "Pam Kiy" {rElec
                  | Int+6} (You found it in an ice cave)
 56194 | Snake:4  | Reached XP level 17. HP: 165/177 MP: 26/26
 56216 | Snake:4  | Reached skill level 5 in Polearms
 56631 | Snake:4  | Reached skill level 6 in Polearms
 57186 | Snake:4  | Reached skill level 7 in Polearms
 57904 | Snake:4  | Reached skill level 8 in Polearms
 59377 | Snake:4  | Reached skill level 9 in Polearms
 60731 | Snake:4  | Reached skill level 10 in Polearms
 62342 | Snake:4  | Reached skill level 11 in Polearms
 63576 | Snake:4  | Reached skill level 12 in Polearms
 64939 | Snake:4  | Reached XP level 18. HP: 154/187 MP: 27/27
 64939 | Snake:4  | Reached skill level 13 in Polearms
 66278 | Snake:4  | Got a serpentine rune of Zot
 66915 | Vaults:1 | Entered Level 1 of the Vaults
 67022 | Vaults:1 | Reached skill level 14 in Polearms
 67194 | Vaults:1 | Found a magical portal.
 67206 | WizLab   | Entered Lehudib's Moon Base
 67602 | WizLab   | Found a transporter.
 68414 | WizLab   | Reached skill level 15 in Polearms
 69070 | WizLab   | Gained mutation: Your flesh is very cold resistant. (rC++)
                  | [a cacodemon]
 69480 | WizLab   | Found a transporter.
 69923 | WizLab   | Reached skill level 16 in Polearms
 70040 | WizLab   | Noticed a moon troll
 70166 | WizLab   | Gained mutation: You occasionally shout uncontrollably at
                  | your foes. [a neqoxec]
 70168 | WizLab   | Gained mutation: Potions are less effective at restoring
                  | your health. [a neqoxec]
 70830 | WizLab   | Corrupted WizLab
 70837 | WizLab   | Killed a moon troll
 70850 | WizLab   | Identified Lehudib's Papyrus of Warped Earth
 71427 | WizLab   | Identified the +8 battleaxe "Reofi" {venom, *Corrode rElec
                  | rPois rN+++} (You found it in a wizard's laboratory)
 71775 | Vaults:1 | Reached XP level 19. HP: 71/194 MP: 28/28
 72140 | Vaults:1 | Reached skill level 17 in Polearms
 73793 | Vaults:1 | Reached skill level 18 in Polearms
 74002 | Vaults:1 | Identified +0 fire dragon scales
 74224 | Vaults:1 | Identified Tumep's Reference Book on Scorching Evil
 74979 | Vaults:2 | Reached skill level 19 in Polearms
 75376 | Vaults:2 | Identified +0 acid dragon scales
 75806 | Vaults:2 | Identified +0 acid dragon scales
 76920 | Vaults:3 | Reached XP level 20. HP: 202/202 MP: 29/29
 76966 | Vaults:3 | Reached skill level 20 in Polearms
 76973 | Vaults:3 | Found Syzuur's Jewellery Shop.
 76985 | Vaults:3 | Bought the amulet of Vitality {Regen+ HP+15} for 1343 gold
                  | pieces
 76985 | Vaults:3 | Found the amulet of Vitality {Regen+ HP+15}
 77010 | Vaults:3 | Found a staircase to the Crypt.
 77666 | Vaults:4 | Found Ilapus's Assorted Antiques.
 77666 | Vaults:4 | Found Buitz's Antique Weapon Boutique.
 77669 | Vaults:4 | Bought a potion of heal wounds for 185 gold pieces
 77669 | Vaults:4 | Bought a potion of curing for 111 gold pieces
 77669 | Vaults:4 | Bought a scroll of fear for 129 gold pieces
 77679 | Vaults:4 | Found Efonupnori's Book Boutique.
 77684 | Vaults:4 | Noticed Jory
 78435 | Abyss:1  | Acquired 630 gold pieces
 78756 | Vaults:4 | Escaped the Abyss
 79059 | Vaults:4 | Reached skill level 21 in Polearms
 79165 | Vaults:4 | Found Nyvullat's Gadget Shoppe.
 79724 | Shoals:1 | Entered Level 1 of the Shoals
 80387 | Shoals:2 | Found a large runed translucent door.
 80388 | Shoals:2 | Found a large runed translucent door.
 80708 | Shoals:2 | Noticed Qexka's ghost (journeyman DsBe)
 81643 | Shoals:3 | Reached skill level 22 in Polearms
 81895 | Shoals:4 | Entered Level 4 of the Shoals
 81904 | Shoals:4 | Noticed Ilsuiw
 81935 | Shoals:3 | Killed Ilsuiw
 83053 | Shoals:4 | Reached XP level 21. HP: 210/210 MP: 30/30
 83676 | Shoals:4 | Got a barnacled rune of Zot
 84581 | Lair:4   | Acquired 930 gold pieces
 85292 | Elf:1    | Entered Level 1 of the Elven Halls
 85334 | Orc:2    | Reached skill level 23 in Polearms
 85510 | Elf:1    | Found Gietymel's Antique Armour Shop.
 85528 | Elf:1    | Bought a dazzling cloak for 256 gold pieces
 85538 | Elf:1    | Identified the +1 cloak "Sirchy Horo" {+Inv} (You bought it
                  | in a shop on level 1 of the Elven Halls)
 85793 | Elf:1    | Identified Vehumet's Grimoire of the Secret Tales
 86754 | Elf:2    | Found a huge runed translucent gate.
 86762 | Elf:2    | Found a huge runed translucent gate.
 86763 | Elf:2    | Found a huge runed translucent gate.
 86764 | Elf:2    | Found a huge runed translucent gate.
 86764 | Elf:2    | Found a huge runed translucent gate.
 87622 | Elf:2    | Cast into level 3 of the Abyss (+1 quick blade of
                  | distortion)
 87638 | Abyss:3  | Paralysed by accursed screaming for 1 turns
 87639 | Elf:2    | Escaped the Abyss
 87825 | Elf:2    | Reached skill level 24 in Polearms
 88095 | Elf:3    | Entered Level 3 of the Elven Halls
 88109 | Elf:3    | Noticed Asterion
 88292 | Elf:3    | Killed Asterion
 90329 | Elf:3    | Identified the cursed +0 scale mail "Erawem" {*Corrode
                  | rPois rN+++ Stlth+}
 90692 | Elf:3    | Reached XP level 22. HP: 204/220 MP: 31/31
 91017 | Elf:3    | Identified the +3 leather armour of Riwixedd {-Cast rPois
                  | Dex+6}
 91017 | Elf:3    | Identified the +1 leather armour of Okawaru's Fury {rF+ rC+
                  | rN+}
 91020 | Elf:3    | Reached skill level 25 in Polearms
 91067 | Elf:3    | Identified the +2 scale mail of Pukempim {rElec MR+++ Str-4
                  | Stlth+}
 91094 | Elf:3    | Identified the ring "Poenkesik" {EV+4 Str-4 Int+7 Dex+4
                  | Slay+6}
 91282 | Elf:3    | Got a pair of ichor-stained gloves
 91293 | Elf:3    | Identified the +2 pair of gloves of Orthodoxy {Int+4 Dex+4}
                  | (You found it on level 3 of the Elven Halls)
 91308 | Elf:3    | Identified the Collected Works on Dark Poison
 91332 | Elf:3    | Identified the Reference Book on the Voyage and Arcane
                  | Weapons
 92761 | D:9      | Killed ANON1729's ghost
 92861 | D:10     | Killed Zadkiel's ghost
 93078 | D:14     | Killed Roxanne
 93230 | Orc:2    | Killed rasy's ghost
 93623 | Shoals:2 | Killed Qexka's ghost
 93762 | Lair:4   | Acquired 540 gold pieces
 94186 | Depths:1 | Entered Level 1 of the Depths
 94231 | Depths:1 | Identified +0 ice dragon scales
 94558 | Depths:1 | Found Vugufel's Gadget Boutique.
 94559 | Depths:1 | Found Rent's Jewellery Shoppe.
 94560 | Depths:1 | Found Kayhaffa's Gadget Boutique.
 94575 | Depths:1 | Bought a wand of digging (2) for 216 gold pieces
 94682 | Depths:1 | Found a gateway to a ziggurat.
 94948 | Depths:1 | Identified +0 ice dragon scales
 94957 | Depths:1 | Identified +0 fire dragon scales
 95043 | Depths:1 | Found a gateway to Hell.
 95106 | Depths:1 | Reached skill level 26 in Polearms
 95527 | Depths:2 | Gained mutation: Your body sometimes deteriorates upon
                  | taking damage. [a neqoxec]
 95853 | Depths:2 | Reached skill level 16 in Dodging
 95995 | Depths:2 | Reached skill level 18 in Fighting
 95995 | Depths:2 | Reached XP level 23. HP: 204/229 MP: 32/32
 96059 | Depths:2 | Identified +0 storm dragon scales
 96107 | Depths:2 | Identified the +4 buckler "Kolienaf" {rElec rF- rC++ Dex+3}
                  | (You found it on level 2 of the Depths)
 96804 | Depths:3 | Noticed Saint Roka
 96818 | Depths:3 | Noticed Boris
 96828 | Depths:3 | Killed Saint Roka
 96828 | Depths:3 | Reached skill level 19 in Fighting
 96847 | Depths:3 | Killed Boris
 96847 | Depths:3 | Reached skill level 17 in Dodging
 97025 | Depths:3 | Found a one-way gate leading to the halls of Pandemonium.
 97081 | Depths:3 | Found a glowing golden altar of the Shining One.
 97311 | Depths:3 | Noticed Mennas
 97341 | Depths:3 | Corrupted Depths:3
 97359 | Depths:3 | Killed Mennas
 97690 | Depths:3 | Identified the +6 rapier of Crawling {vorpal, rElec rF-
                  | Str+3 Dex+7} (You found it on level 3 of the Depths)
 98227 | Depths:4 | Identified +0 fire dragon scales
 98245 | Depths:4 | Reached skill level 13 in Invocations
 98650 | Depths:4 | Reached skill level 14 in Invocations
 98707 | Depths:4 | Reached XP level 24. HP: 244/244 MP: 33/33
 98788 | Depths:4 | Identified a +0 crystal plate armour
 98908 | Depths:4 | Reached skill level 15 in Invocations
 99052 | Depths:4 | Identified +0 ice dragon scales
 99680 | Depths:5 | Entered Level 5 of the Depths
 99687 | Depths:5 | Reached skill level 16 in Invocations
100296 | Depths:5 | Reached skill level 17 in Invocations
100406 | Depths:5 | Found Hocec's Weapon Shop.
100406 | Depths:5 | Found Gipiti's Book Boutique.
100754 | Depths:5 | Identified +0 gold dragon scales
100891 | Depths:5 | Found a gate to the Realm of Zot.
101490 | D:10     | Noticed Erolcha
101495 | D:10     | Killed Erolcha
101495 | D:10     | Reached skill level 20 in Fighting
101526 | D:10     | Found a transporter.
101528 | D:10     | Found a transporter.
101855 | D:10     | Found Netteyra's Antique Weapon Shoppe.
102853 | Vaults:4 | Killed Jory
102991 | Vaults:4 | Bought a manual of Stealth for 2318 gold pieces
103008 | Vaults:4 | Reached skill level 7 in Stealth
103548 | Vaults:4 | Identified a scarf of resistance (You found it on level 4
                  | of the Vaults)
103572 | Vaults:5 | Entered Level 5 of the Vaults
103668 | Vaults:5 | Got a silver rune of Zot
103716 | Vaults:5 | Reached XP level 25. HP: 254/254 MP: 35/35
103725 | Vaults:5 | Reached skill level 8 in Stealth
103736 | Vaults:5 | Identified the amulet of Doizu {Spirit rElec rC- rN+}
103739 | Vaults:5 | Reached skill level 18 in Dodging
103786 | Vaults:5 | Noticed an ancient lich
103799 | Vaults:5 | Killed an ancient lich
103813 | Vaults:5 | Reached skill level 9 in Stealth
104013 | Vaults:5 | Identified quicksilver dragon scales
104030 | Vaults:5 | Reached skill level 18 in Invocations
104232 | Vaults:5 | Identified the +2 robe of the Wild Haggis {rN+ Slay+5}
104286 | Vaults:5 | Reached skill level 10 in Stealth
104498 | Vaults:5 | Identified +0 shadow dragon scales
104528 | Vaults:5 | Noticed an ancient lich
104542 | Vaults:5 | Killed an ancient lich
104542 | Vaults:5 | Reached skill level 11 in Stealth
104565 | Vaults:5 | Identified +0 storm dragon scales
104588 | Vaults:5 | Identified +0 shadow dragon scales
104915 | Vaults:5 | Reached skill level 21 in Fighting
104915 | Vaults:5 | Reached skill level 12 in Stealth
106519 | Slime:1  | Entered Level 1 of the Pits of Slime
106528 | Slime:1  | Reached skill level 19 in Invocations
106710 | Slime:2  | Gained mutation: You sometimes yell uncontrollably at your
                  | foes. [a shining eye]
106758 | Slime:2  | Gained mutation: You frequently scream uncontrollably at
                  | your foes. [a shining eye]
106759 | Slime:2  | Gained mutation: Scrolls take you a little longer to read.
                  | [a shining eye]
106769 | Slime:1  | Reached XP level 26. HP: 257/268 MP: 32/36
106782 | Slime:1  | Reached skill level 19 in Dodging
107286 | Slime:1  | Lost mutation: You are robust. (+10% HP) [a shining eye]
109047 | Slime:5  | Entered Level 5 of the Pits of Slime
109085 | Slime:4  | Reached skill level 20 in Invocations
109322 | Slime:5  | Noticed the Royal Jelly
109346 | Slime:5  | Killed the Royal Jelly
109346 | Slime:5  | Reached skill level 13 in Stealth
109361 | Slime:5  | Lost mutation: Your body sometimes deteriorates upon taking
                  | damage. [a shining eye]
109556 | Slime:4  | Gained mutation: You do not regenerate when monsters are
                  | visible. [a shining eye]
109567 | Slime:5  | Gained mutation: Your body sometimes deteriorates upon
                  | taking damage. [a shining eye]
109575 | Slime:5  | Reached skill level 14 in Stealth
109578 | Slime:5  | Gained mutation: Your body often deteriorates upon taking
                  | damage. [a shining eye]
109843 | Slime:5  | Got a coiled amber ring
109898 | Slime:5  | Got a heavily runed bronze amulet
109908 | Slime:5  | Got a slimy rune of Zot
109927 | Slime:5  | Identified Ikhooram's Tome of the Vitriolic Glacier
109935 | Slime:5  | Got a faintly glowing wooden ring
109938 | Slime:5  | Identified the ring "Zixzo" {rCorr Int+3} (You found it on
                  | level 5 of the Pits of Slime)
110345 | Lair:4   | Identified the amulet "Dymodir" {Inacc Int+4} (You found it
                  | on level 5 of the Pits of Slime)
110347 | Lair:4   | Identified the ring "Bejigyd" {*Drain rElec MR+ Int+6} (You
                  | found it on level 5 of the Pits of Slime)
110354 | Lair:4   | Lost mutation: Your body often deteriorates upon taking
                  | damage. [potion of mutation]
110354 | Lair:4   | Lost mutation: Scrolls take you a little longer to read.
                  | [potion of mutation]
110354 | Lair:4   | Gained mutation: You are somewhat resistant to further
                  | mutation. [potion of mutation]
110355 | Lair:4   | Lost mutation: Potions are less effective at restoring your
                  | health. [potion of mutation]
110355 | Lair:4   | Lost mutation: You do not regenerate when monsters are
                  | visible. [potion of mutation]
110355 | Lair:4   | Gained mutation: Your tail ends in a poisonous barb.
                  | [potion of mutation]
110811 | Crypt:1  | Entered Level 1 of the Crypt
111947 | Crypt:2  | Reached skill level 15 in Stealth
112043 | Crypt:2  | Noticed Frederick
112052 | Crypt:2  | Killed Frederick
112136 | Crypt:2  | Found a runed translucent door.
112136 | Crypt:2  | Found a shimmering altar of Xom.
112136 | Crypt:2  | Noticed Zezozy's ghost (veteran GrFi)
112572 | Crypt:2  | Killed Zezozy's ghost
112606 | Crypt:3  | Entered Level 3 of the Crypt
112614 | Crypt:3  | Noticed Boris
112631 | Crypt:3  | Killed Boris
112631 | Crypt:3  | Reached skill level 16 in Stealth
113134 | Crypt:3  | Found a staircase to the Tomb.
113138 | Crypt:3  | Reached XP level 27. HP: 250/250 MP: 37/37
113362 | Crypt:3  | Identified the Reference Book on Venom
113989 | Crypt:3  | Found an ancient bone altar of Kikubaaqudgha.
114039 | Crypt:3  | Reached skill level 20 in Dodging
115516 | Zot:1    | Entered Level 1 of the Realm of Zot
115659 | Zot:1    | Learned a level 6 spell: Statue Form
115708 | Zot:1    | Learned a level 6 spell: Invisibility
115779 | Zot:1    | Noticed an orb of fire
115793 | Zot:1    | Reached skill level 3 in Hexes
115811 | Zot:1    | Killed an orb of fire
115811 | Zot:1    | Reached skill level 2 in Spellcasting
115820 | Zot:1    | Reached skill level 3 in Spellcasting
115820 | Zot:1    | Reached skill level 4 in Hexes
115887 | Zot:1    | Acquired a manual of Transmutations
116043 | Zot:1    | Reached skill level 4 in Spellcasting
116115 | Zot:1    | Reached skill level 1 in Transmutations
116119 | Zot:1    | Reached skill level 5 in Hexes
116144 | Zot:1    | Reached skill level 2 in Transmutations
116165 | Zot:1    | Reached skill level 3 in Transmutations
116201 | Zot:1    | Reached skill level 4 in Transmutations
116570 | Zot:1    | Identified +0 storm dragon scales
116570 | Zot:1    | Reached skill level 5 in Spellcasting
116659 | Zot:1    | Reached skill level 5 in Transmutations
116829 | Zot:1    | Reached skill level 6 in Hexes
116926 | Zot:1    | Identified quicksilver dragon scales
116936 | Zot:1    | Reached skill level 6 in Transmutations
117076 | Zot:2    | Reached skill level 6 in Spellcasting
117097 | Zot:2    | Reached skill level 7 in Transmutations
117144 | Zot:2    | Reached skill level 7 in Hexes
117409 | Zot:2    | Reached skill level 8 in Transmutations
117593 | Zot:2    | Identified +0 gold dragon scales
117593 | Zot:2    | Reached skill level 7 in Spellcasting
117660 | Zot:2    | Reached skill level 9 in Transmutations
117832 | Zot:2    | Reached skill level 8 in Hexes
118042 | Zot:3    | Reached skill level 10 in Transmutations
118102 | Zot:2    | Reached skill level 8 in Spellcasting
118427 | Zot:3    | Reached skill level 9 in Hexes
118491 | Zot:3    | Reached skill level 9 in Spellcasting
118827 | Zot:3    | Reached skill level 1 in Earth Magic
118986 | Zot:3    | Reached skill level 2 in Earth Magic
119130 | Zot:3    | Reached skill level 10 in Hexes
119541 | Zot:4    | Identified +0 gold dragon scales
119547 | Zot:3    | HP: 25/268 [poison (poison gas)]
120286 | Zot:4    | Identified +0 gold dragon scales
120286 | Zot:4    | Reached skill level 10 in Spellcasting
120357 | Zot:4    | Identified quicksilver dragon scales
120361 | Zot:4    | Reached skill level 11 in Transmutations
120502 | Zot:4    | Reached skill level 21 in Invocations
120664 | Zot:4    | Reached skill level 12 in Transmutations
120665 | Zot:4    | Reached skill level 11 in Hexes
121097 | Zot:5    | Entered Level 5 of the Realm of Zot
121476 | Zot:4    | Identified +0 storm dragon scales
121770 | Zot:5    | Reached skill level 13 in Transmutations
122029 | Zot:5    | Identified +0 shadow dragon scales
122079 | Zot:5    | Noticed an ancient lich
122092 | Zot:5    | Killed an ancient lich
122224 | Zot:5    | Noticed an ancient lich
122226 | Zot:5    | Killed an ancient lich
122267 | Zot:5    | Reached skill level 12 in Hexes
122281 | Zot:5    | Reached skill level 14 in Transmutations
122306 | Zot:5    | Noticed an orb of fire
122316 | Zot:5    | Killed an orb of fire
122316 | Zot:5    | Reached skill level 22 in Invocations
122325 | Zot:5    | Noticed an orb of fire
122330 | Zot:5    | Killed an orb of fire
123005 | Zot:5    | Noticed an ancient lich
123098 | Zot:5    | Noticed an orb of fire
123112 | Zot:4    | Killed an orb of fire
123155 | Zot:5    | Noticed an orb of fire
123155 | Zot:5    | Noticed an orb of fire
123171 | Zot:4    | Killed an orb of fire
123171 | Zot:4    | Reached skill level 23 in Invocations
123293 | Zot:4    | Killed an ancient lich
124419 | Zot:5    | Noticed an orb of fire
124474 | Zot:4    | Killed an orb of fire
124508 | Zot:5    | Gained mutation: You are dopey. (Int -2) [an orb of fire]
124513 | Zot:5    | Noticed an ancient lich
124529 | Zot:4    | Killed an orb of fire
124529 | Zot:4    | Reached skill level 24 in Invocations
125017 | Zot:5    | Killed an ancient lich
125547 | Abyss:1  | Learned a level 1 spell: Apportation
125563 | Abyss:1  | Killed Joseph
125706 | Zot:5    | Escaped the Abyss
126483 | Zot:5    | Reached skill level 25 in Invocations
127100 | Hell     | Entered the Vestibule of Hell
127100 | Hell     | Noticed Geryon
130091 | Hell     | Reached skill level 26 in Invocations
130092 | Hell     | Killed Geryon
130483 | Hell     | Found a gateway to the ashen valley of Gehenna.
130540 | Hell     | Found a gateway to the decaying netherworld of Tartarus.
130632 | Hell     | Found a gateway to the freezing wastes of Cocytus.
130734 | Hell     | Found a gateway to the Iron City of Dis.
131760 | Orc:2    | Voluntarily entered the Abyss.
132181 | Abyss:1  | Found a corrupted altar of Lugonu.
132607 | Abyss:1  | Noticed an ancient lich
132612 | Abyss:1  | Killed an ancient lich
132737 | Abyss:1  | Reached skill level 3 in Earth Magic
132847 | Abyss:1  | Reached skill level 4 in Earth Magic
133096 | Abyss:2  | Found a corrupted altar of Lugonu.
133104 | Abyss:2  | Found a shimmering altar of Xom.
133203 | Abyss:2  | Reached skill level 27 in Invocations
133206 | Abyss:2  | Reached skill level 5 in Earth Magic
133369 | Abyss:3  | Reached skill level 6 in Earth Magic
133390 | Abyss:3  | Identified +0 swamp dragon scales
133410 | Abyss:3  | Reached skill level 1 in Translocations
133434 | Abyss:3  | Got an abyssal rune of Zot
133536 | Abyss:3  | Reached skill level 2 in Translocations
133599 | Abyss:3  | Reached skill level 7 in Earth Magic
133606 | Abyss:3  | Reached skill level 3 in Translocations
133615 | Orc:2    | Escaped the Abyss
134046 | D:14     | Bought a scroll of identify for 76 gold pieces
134046 | D:14     | Bought a scroll of remove curse for 114 gold pieces
134046 | D:14     | Bought a scroll of enchant weapon for 285 gold pieces
134059 | D:15     | Bought a scroll of identify for 22 gold pieces
134059 | D:15     | Bought a scroll of silence for 82 gold pieces
134059 | D:15     | Bought a scroll of identify for 22 gold pieces
134059 | D:15     | Bought a scroll of identify for 22 gold pieces
134059 | D:15     | Bought a scroll of identify for 22 gold pieces
134059 | D:15     | Bought a scroll of identify for 22 gold pieces
134059 | D:15     | Bought a scroll of remove curse for 33 gold pieces
135091 | Zot:5    | Lost mutation: You have a pair of small antennae on your
                  | head. [potion of mutation]
135091 | Zot:5    | Lost mutation: Your flesh is very cold resistant. (rC++)
                  | [potion of mutation]
135091 | Zot:5    | Lost mutation: Your body sometimes deteriorates upon taking
                  | damage. [potion of mutation]
135092 | Zot:5    | Lost mutation: Your tail ends in a poisonous barb. [potion
                  | of mutation]
135092 | Zot:5    | Lost mutation: You frequently scream uncontrollably at your
                  | foes. [potion of mutation]
135092 | Zot:5    | Lost mutation: You sometimes yell uncontrollably at your
                  | foes. [potion of mutation]
135092 | Zot:5    | Gained mutation: Your spells are a little harder to cast,
                  | but a little more powerful. [potion of mutation]
135093 | Zot:5    | Lost mutation: Your spells are a little harder to cast, but
                  | a little more powerful. [potion of mutation]
135093 | Zot:5    | Lost mutation: You occasionally shout uncontrollably at
                  | your foes. [potion of mutation]
135093 | Zot:5    | Gained mutation: Your muscles are strong. (Str +2) [potion
                  | of mutation]
135094 | Zot:5    | Lost mutation: You are dopey. (Int -2) [potion of mutation]
135094 | Zot:5    | Lost mutation: Your muscles are strong. (Str +2) [potion of
                  | mutation]
135094 | Zot:5    | Gained mutation: You are resistant to hostile enchantments.
                  | (MR+) [potion of mutation]
135095 | Zot:5    | Got the Orb of Zot
135255 | Zot:2    | Reached skill level 4 in Translocations
135288 | Zot:1    | Noticed Jusegejy the pandemonium lord
135421 | Depths:2 | Noticed Pegoful the pandemonium lord
135481 | D:15     | Noticed Susu the pandemonium lord
135487 | D:15     | Reached skill level 8 in Earth Magic
135503 | D:15     | Corrupted D:15
135825 | D:1      | Reached skill level 5 in Translocations
135861 | D:$      | Escaped with the Orb!

Vanquished Creatures
  the Royal Jelly (Slime:5)
  7 ancient liches
  7 orbs of fire
  The ghost of Zezozy the Warrior, a veteran GrFi of the Shining One (Crypt:2)
  Boris (twice) (Depths:3 Crypt:3)
  Frederick (Crypt:2)
  Saint Roka (Depths:3)
  3 Killer Klowns (Zot:5)
  A curse toe (Zot:4)
  9 golden dragons
  Geryon (Hell)
  A profane servitor (Abyss:2)
  Jory (Vaults:4)
  2 bone dragons
  21 tentacled monstrosities
  Rupert (Orc:2)
  Jorgrun (D:14)
  5 electric golems
  2 Tzitzimimeh
  9 liches
  An Ice Fiend (IceCv)
  27 Orb Guardians
  4 deep elf blademasters
  4 titans
  A quicksilver dragon (shapeshifter) (Depths:4)
  27 acid blobs
  Asterion (Elf:3)
  A kraken (Shoals:4)
  11 quicksilver dragons
  8 death cobs
  15 tentacled starspawn
  3 deep elf master archers (Elf:3)
  5 sphinxes
  An Executioner (Zot:2)
  A thorn hunter (Abyss:3)
  16 storm dragons
  A sphinx (shapeshifter) (Depths:4)
  2 storm dragons (shapeshifter) (Depths:4)
  Roxanne (D:14)
  10 shadow dragons
  2 revenants
  A daeva (Depths:3)
  Frances (D:12)
  16 azure jellies
  7 tengu reavers
  6 draconian monks
  A fire giant (shapeshifter) (Depths:4)
  5 iron dragons
  9 fire giants
  9 draconian knights
  13 nagarajas
  Aizul (Snake:1)
  Ilsuiw (Shoals:3)
  5 deep elf sorcerers
  2 iron dragons (shapeshifter) (Depths:4)
  4 ghost moths
  7 vault wardens
  6 frost giants
  A juggernaut zombie (Depths:3)
  8 draconian scorchers
  3 cacodemons (WizLab)
  3 ghouls
  The ghost of Zadkiel the Earth Mage, a journeyman GrEE of Vehumet (D:10)
  An orc warlord (Orc:2)
  10 deep elf elementalists
  A balrug (Depths:5)
  An angel (Depths:1)
  Louise (D:14)
  11 ironheart preservers
  3 curse skulls
  15 draconian shifters
  6 reapers
  4 draconian stormcallers
  7 draconian annihilators
  31 stone giants
  32 very ugly things
  9 war gargoyles
  14 starcursed masses
  2 entropy weavers
  2 vampire knights (Crypt:3)
  An entropy weaver (shapeshifter) (Depths:4)
  5 lorocyprocas
  6 deep elf demonologists
  11 purple draconians
  16 green draconians
  18 yellow draconians
  12 black draconians
  8 spark wasps
  8 white draconians
  10 merfolk javelineers
  7 deep elf annihilators
  A spark wasp (shapeshifter) (Depths:3)
  20 red draconians
  The ghost of rasy the Basher, a journeyman MiFi of Okawaru (Orc:2)
  2 blizzard demons
  A mummy priest (Crypt:3)
  6 deep elf death magi
  8 ettins
  11 death oozes (Slime:5)
  10 jiangshi
  A green death (Abyss:3)
  15 great orbs of eyes
  14 merfolk impalers
  A crystal guardian (Depths:4)
  8 fire dragons
  2 eidola
  10 rakshasas
  Erolcha (D:10)
  2 great orbs of eyes (shapeshifter)
  Josephine (D:12)
  9 deep elf high priests
  26 vault guards
  A kraken zombie (Hell)
  17 yaktaur captains
  26 naga warriors
  The ghost of Qexka the Cleaver, a journeyman DsBe of Trog (Shoals:2)
  12 ice dragons
  6 spriggan air magi
  2 death knights
  3 catoblepae (Lair:6)
  6 merfolk aquamancers
  3 juggernaut simulacra (Depths:4)
  7 merfolk avatars
  Erica (Lair:2)
  2 hydras
  2 alligator snapping turtles
  14 anacondas
  50 two-headed ogres
  A satyr (shapeshifter) (Vaults:5)
  34 dancing weapons
  2 satyrs (Shoals:3)
  17 centaur warriors
  20 ogre magi
  The ghost of ANON1729 the Fighter, a novice DsWn (D:9)
  3 titan zombies
  5 death yaks (Lair:6)
  14 deep troll earth magi
  9 deep troll shamans
  4 spriggan berserkers
  3 tengu warriors (Depths:2)
  12 hell hogs
  24 naga sharpshooters
  5 shock serpents
  9 thrashing horrors
  3 orc high priests
  4 vampire magi
  17 deep elf knights
  4 sun demons
  6 soul eaters
  15 hell knights
  15 wretched stars
  9 skeletal warriors
  An iron troll (Depths:3)
  3 spatial maelstroms
  4 salamander mystics
  2 fire crabs (shapeshifter)
  A shadow wraith (Crypt:3)
  A swamp dragon (Abyss:3)
  13 sea snakes
  32 deep trolls
  An infernal demonspawn (D:6)
  2 storm dragon skeletons
  14 flayed ghosts
  A spark wasp zombie (Hell)
  2 anaconda zombies
  5 unseen horrors
  A shadow dragon zombie (Depths:3)
  An orange crystal statue (WizLab)
  11 glowing orange brains
  14 deep elf archers
  11 harpies
  14 ironbrand convokers
  3 wizards
  3 wolf spider zombies
  Pikel (D:8)
  2 iron dragon zombies
  9 naga ritualists
  15 phantasmal warriors
  6 necromancers
  16 orc knights
  3 stone giant zombies
  65 deep elf magi
  12 mana vipers
  4 wolf spiders
  3 orc sorcerers
  52 ugly things
  3 fire giant zombies (Hell)
  3 frost giant zombies
  3 worldbinders
  8 cyclopes
  7 fauns
  10 shining eyes
  A salamander (shapeshifter) (Vaults:4)
  11 manticores
  A sphinx skeleton (Crypt:1)
  A black mamba (shapeshifter) (Depths:2)
  20 moths of wrath
  9 fire giant skeletons (Crypt:3)
  12 merfolk sirens
  An iron dragon skeleton (Crypt:3)
  20 salamanders
  A stone giant skeleton (Crypt:3)
  Maurice (D:11)
  14 elephants
  5 orange demons
  34 black mambas
  11 guardian serpents
  2 rust devils
  3 apocalypse crabs
  An ice statue (IceCv)
  9 smoke demons
  5 water nymphs
  7 vault sentinels
  Joseph (Abyss:1)
  25 naga magi
  2 eyes of devastation (shapeshifter)
  Psyche (D:12)
  8 gargoyles
  An emperor scorpion zombie (Abyss:2)
  7 eyes of devastation
  A spriggan skeleton (Depths:3)
  2 torpor snails (shapeshifter)
  A cane toad (shapeshifter) (Vaults:1)
  A torpor snail (Lair:3)
  5 hellions
  Maggie (D:6)
  7 cane toads
  57 yaktaurs
  A dire elephant skeleton (Crypt:2)
  2 anaconda simulacra (IceCv)
  A rime drake (Lair:2)
  A rime drake (shapeshifter) (Vaults:2)
  2 efreet
  8 komodo dragons
  12 freezing wraiths
  A komodo dragon (shapeshifter) (D:13)
  2 golden dragon simulacra (IceCv)
  6 ice devils
  A queen bee (D:10)
  6 hydra zombies (Hell)
  A death yak skeleton (Crypt:2)
  44 merfolk
  4 red devils (Hell)
  3 tengu conjurers (Depths:2)
  5 ancient zymes
  11 trolls
  A merfolk (shapeshifter) (Vaults:5)
  A polar bear (Lair:6)
  A wind drake (shapeshifter) (Vaults:1)
  12 hornets
  4 blink frogs (Lair:5)
  3 wind drakes
  A polar bear (shapeshifter) (Depths:5)
  2 raiju
  3 hydra skeletons
  A slime creature (shapeshifter) (Depths:1)
  A deep troll zombie (Hell)
  A harpy skeleton (D:14)
  2 bog bodies (Crypt:2)
  An alligator zombie (Hell)
  136 slime creatures
  2 spriggan zombies (Hell)
  A fire dragon zombie (Crypt:3)
  8 snapping turtles
  11 dream sheep
  5 centaur simulacra
  An air elemental (Elf:2)
  9 flying skulls (Abyss:1)
  16 hippogriffs
  19 large abominations
  A redback (shapeshifter) (Depths:3)
  7 fire dragon skeletons (Crypt:3)
  A black mamba zombie (Hell)
  7 ynoxinuls
  5 shadows
  A tarantella (shapeshifter) (D:15)
  3 wyverns
  2 dire elephant simulacra (IceCv)
  6 vampires
  25 fire elementals
  A human (shapeshifter) (Vaults:4)
  23 water elementals
  17 wraiths
  A fire bat (Abyss:2)
  A golden eye (shapeshifter) (Elf:1)
  A tyrant leech zombie (Crypt:1)
  3 basilisks (shapeshifter)
  A steam dragon (D:13)
  48 yaks
  11 golden eyes
  5 basilisks
  7 neqoxecs
  2 vampire mosquitoes (D:13)
  5 chaos spawn
  3 harpy simulacra
  19 small abominations
  6 insubstantial wisps
  62 nagas
  2 iron troll simulacra (IceCv)
  9 wargs
  6 acid dragons
  10 hell hounds
  9 spatial vortices
  20 water moccasins
  A monstrous demonspawn skeleton (Crypt:2)
  Duvessa (D:7)
  A deep troll skeleton (Crypt:2)
  A cane toad zombie (Hell)
  3 hydra simulacra (IceCv)
  11 porcupines
  45 orc warriors
  9 ice beasts
  48 ogres
  A black bear (D:3)
  2 ettin simulacra (IceCv)
  8 eyes of draining
  5 necrophages
  7 sky beasts
  2 alligator simulacra (IceCv)
  7 phantoms
  11 wolves
  A boggart (shapeshifter) (Vaults:4)
  15 centaurs
  7 boggarts
  10 crocodiles
  A human skeleton (Vaults:3)
  A manticore skeleton (Crypt:3)
  A hog skeleton (Crypt:1)
  3 yaktaur zombies
  2 big kobolds (D:13)
  A big kobold (shapeshifter) (Depths:2)
  Blork the orc (D:4)
  A salamander zombie (Crypt:1)
  10 bullfrogs
  2 wyvern zombies
  An earth elemental (Elf:1)
  A draconian skeleton (Crypt:1)
  Dowan (D:7)
  3 scorpions
  A wyvern skeleton (D:8)
  22 killer bees
  26 wights
  5 electric eels
  2 vampire bats (D:2)
  A crimson imp (Abyss:1)
  3 howler monkeys
  A draconian simulacrum (IceCv)
  2 bullfrog zombies
  4 jellies
  2 quasits (Abyss:1)
  2 centaur zombies
  8 hounds
  2 human zombies
  3 iron imps
  30 orc priests
  5 iguanas
  31 orc wizards
  4 bullfrog skeletons
  7 centaur skeletons
  10 worker ants
  A polar bear simulacrum (IceCv)
  2 spriggan simulacra (IceCv)
  3 troll simulacra (IceCv)
  A killer bee zombie (D:6)
  2 wolf simulacra (IceCv)
  2 big kobold zombies (Ossuary)
  A bullfrog simulacrum (D:12)
  2 mummies (Ossuary)
  3 worker ant zombies
  3 gnolls (Orc:2)
  14 adders
  2 naga simulacra (IceCv)
  4 ogre simulacra (IceCv)
  A swamp drake zombie (Crypt:1)
  3 shadow imps
  11 white imps
  14 ufetubi
  An ooze (D:1)
  2 adder zombies (Ossuary)
  A lava snake zombie (Crypt:1)
  3 dart slugs
  3 leopard geckos
  135 orcs
  A bat skeleton (D:2)
  5 bat zombies (D:2)
  8 giant cockroaches
  5 goblins
  3 hobgoblins
  11 jackals
  3 quokkas
  3 ball pythons
  A ball python zombie (Crypt:2)
  3 bats
  4 frilled lizards
  A goblin zombie (Ossuary)
  11 hobgoblin zombies (Ossuary)
  A jackal zombie (Ossuary)
  14 kobolds
  8 kobold zombies (Ossuary)
  6 orc zombies (Ossuary)
  A quokka skeleton (D:9)
  A quokka zombie (D:5)
  3 rats
  4 rat zombies (Ossuary)
  3 crawling corpses
  A lurking horror (Abyss:3)
  12 starspawn tentacles
  8 tentacles
3185 creatures vanquished.

Vanquished Creatures (collateral kills)
  A naga mage (Snake:3)
  2 nagas (Snake:3)
  A draconian simulacrum (IceCv)
  An ogre simulacrum (IceCv)
  A white imp (IceCv)
6 creatures vanquished.

Vanquished Creatures (others)
  Mennas (Depths:3)
  A moon troll (WizLab)
  A tentacled starspawn (WizLab)
  An Executioner (D:15)
  A draconian knight (Zot:1)
  A ghost moth (Zot:2)
  A stone giant (Vaults:5)
  A green draconian (Zot:2)
  A red draconian (Zot:2)
  A fire dragon (Depths:5)
  A yaktaur captain (Depths:3)
  A vault guard (Vaults:5)
  A hell hog (D:1)
  A deep troll earth mage (Depths:3)
  A shock serpent (Snake:3)
  3 deep trolls (Depths:3)
  An ugly thing (Snake:4)
  2 yaktaurs (Depths:3)
  A water elemental (Depths:5)
  A fire elemental (Hell)
  2 yaks (Lair:2)
  A chaos spawn (Abyss:1)
  A naga (Snake:4)
  An ogre (Vaults:5)
  An orc wizard (D:6)
  An ufetubus (IceCv)
  3 bushes (D:14)
  8 demonic plants (WizLab)
  35 fungi
  2 lurking horrors
  181 plants
  46 starspawn tentacles
  5 tentacles
  11 withered plants
321 creatures vanquished.

Grand Total: 3512 creatures vanquished
